AoeStats
← TM Caesar

Hill Fort

506841532Analyzed
2v2 RM · 17d ago on Sep 15, 2026· 42m 56s· 4 players
Game mode
Random Map
Map size
Medium (4 player)
Population
200
Speed
Normal
Resources
Standard
Victory
Conquest
Starting age
Dark Age
Ending age
Imperial Age
RankedLock teamsTeams togetherTeam positionsShared explorationLock speedFull tech treeHidden civsTurbo modeCheats
Victory
Defeat
🇦🇷 Mongols · Argentina
1597
+13
🇹🇼 Magyars · Taiwan
1569
+14
🇧🇷 Italians · Brazil
1552
-14
🇧🇷 Magyars · Brazil
1505
-13
[KMNB] Dedão
9:37 Feudal Age
15:28 Castle Age
13:23 Double-Bit Axe
13:42 Gold Mining
13:48 Horse Collar
14:29 Loom
17:05 Fletching
17:48 Bodkin Arrow
21:33 Bow Saw
22:49 Heavy Plow
24:23 Padded Archer Armor
26:44 Ballistics
27:01 Leather Archer Armor
28:32 Wheelbarrow
28:09 Town Watch
29:42 Hand Cart
31:41 Stone Mining
35:20 Imperial Age
35:38 Thumb Ring
35:47 Murder Holes
37:00 Chemistry
36:27 Conscription
36:10 Bracer
36:14 Elite Genoese Crossbowman
38:42 Ring Archer Armor
38:23 Forging
38:47 Scale Barding Armor
39:15 Husbandry
39:26 Bloodlines
39:12 Light Cavalry
41:23 Iron Casting
41:34 Masonry
41:19 Murder Holes
40:53 Hussar
[KMNB] Bandeira
9:39 Feudal Age
7:54 Loom
11:49 Double-Bit Axe
11:47 Horse Collar
18:06 Castle Age
17:00 Gold Mining
18:07 Scale Barding Armor
19:22 Chain Barding Armor
19:27 Bloodlines
23:24 Husbandry
24:54 Bow Saw
35:32 Corvinian Army
37:55 Wheelbarrow
42:35 Imperial Age
joosephy
3:22 Loom
11:38 Feudal Age
11:53 Feudal Age
15:38 Castle Age
14:16 Double-Bit Axe
14:45 Horse Collar
19:37 Scale Barding Armor
23:16 Herbal Medicine
28:00 Chain Barding Armor
31:56 Wheelbarrow
36:05 Imperial Age
34:19 Bloodlines
35:25 Fletching
35:18 Elite Skirmisher
36:15 Bodkin Arrow
37:33 Plate Barding Armor
38:20 Conscription
40:50 Padded Archer Armor
TM Caesar
10:16 Feudal Age
14:42 Castle Age
12:24 Horse Collar
13:11 Double-Bit Axe
13:52 Loom
15:32 Bow Saw
19:39 Fletching
22:03 Bodkin Arrow
24:54 Wheelbarrow
24:45 Husbandry
25:16 Padded Archer Armor
25:47 Ballistics
26:45 Leather Archer Armor
26:33 Town Watch
27:26 Bloodlines
27:57 Hand Cart
29:22 Heavy Plow
32:28 Thumb Ring
35:26 Imperial Age
33:37 Siphons
33:34 Gold Mining
35:06 Gold Shaft Mining
34:26 Stone Mining
35:10 Masonry
36:28 Stone Shaft Mining
36:08 Bracer
36:34 Parthian Tactics
37:46 Chemistry
36:35 Capped Ram
37:40 Conscription
38:25 Drill
38:23 Elite Mangudai
40:09 Hoardings
40:07 Siege Engineers
40:20 Siphons
40:36 Siege Ram
41:22 Onager
Connection lost

Rejoining the realm…

Still unreachable

The connection could not be restored.

Session expired

The server has moved on; the page needs a fresh start.